 Dungeon Crawl Stone Soup version 0.25-a0-583-g696c2ac64d (webtiles) character file.

Game seed: 6831738222394023811, levelgen mode: deterministic

2348 EriolAelfwine the Spear-Bearer (level 9, -3/68 HPs)
             Began as a Merfolk Skald on Mar 8, 2020.
             Slain by a porcupine (7 damage)
             ... on level 8 of the Dungeon.
             The game lasted 00:33:26 (11139 turns).

EriolAelfwine the Spear-Bearer (Merfolk Skald)     Turns: 11139, Time: 00:33:27

Health: -3/68      AC:  5    Str: 12    XL:     9   Next: 43%
Magic:  13/15      EV: 14    Int: 14    God:
Gold:   0          SH:  5    Dex: 14    Spells: 11/16 levels left

rFire    . . .     SeeInvis .   b - +0 trident
rCold    . . .     Gourm    .   F - +2 buckler
rNeg     . . .     Faith    .   o - +0 leather armour
rPois    .         Spirit   .   (no helmet)
rElec    .         Reflect  .   a - +0 cloak
rCorr    .         Harm     .   (no gloves)
MR       .....                  m - +0 pair of boots
Stlth    ++........             w - amulet of regeneration
HPRegen  0.61/turn              q - ring of stealth
MPRegen  0.14/turn              (no ring)

@: shrouded (expiring)
A: change form in water, swift swim, stealthy swim
a: no special abilities


You were on level 8 of the Dungeon.
You were very hungry.

You visited 2 branches of the dungeon, and saw 9 of its levels.
You also visited: Sewer.

Inventory:

Hand Weapons
 b - a +0 trident (weapon)
Missiles
 j - a throwing net
 v - 14 poisoned darts (quivered)
Armour
 a - a +0 cloak (worn)
 m - a +0 pair of boots (worn)
 o - a +0 leather armour (worn)
 s - a +3 scale mail of cold resistance
 F - a +2 buckler (worn)
Jewellery
 q - a ring of stealth (left hand)
 w - an amulet of regeneration (around neck)
Scrolls
 c - 3 scrolls of enchant armour
 e - 5 scrolls of teleportation
 g - 4 scrolls of identify
 k - 5 scrolls of remove curse
 l - 2 scrolls of amnesia
 u - 3 scrolls of magic mapping
 y - a scroll of immolation {unknown}
 C - 2 scrolls of blinking {unknown}
 E - a scroll of enchant weapon {unknown}
 G - 2 scrolls of fear
 H - a scroll of torment {unknown}
Potions
 f - 3 potions of stabbing
 i - 3 potions of berserk rage
 n - 9 potions of curing
 p - a potion of haste
 r - 3 potions of might {unknown}
 t - 4 potions of lignification {unknown}
 z - a potion of flight {unknown}
 A - a potion of brilliance {unknown}
 B - a potion of heal wounds {unknown}
 D - a potion of ambrosia {unknown}
 J - a potion of magic {unknown}
Comestibles
 d - 12 rations
 I - 4 chunks of flesh


   Skills:
 + Level 5.3 Fighting
 * Level 9.4 Polearms
 - Level 0.6 Armour
 + Level 6.5 Dodging
 - Level 4.0 Spellcasting
 - Level 4.0 Hexes
 + Level 6.9 Charms
 - Level 2.0 Translocations


You had 11 spell levels left.
You knew the following spells:

 Your Spells              Type           Power        Failure   Level  Hunger
b - Shroud of Golubria    Chrm/Tloc      ###...       11%         2    ##.....
c - Spectral Weapon       Hex/Chrm       ###.....     14%         3    ###....

Your spell library contained the following spells:

 Spells                   Type           Power        Failure   Level  Hunger
 Infusion                 Chrm           ###.         2%          1    None
 Song of Slaying          Chrm           ###.....     3%          2    ##.....
 Ozocubu's Armour         Chrm/Ice       ##......     30%         3    ###....
 Magic Dart               Conj           #...         38%         1    None
 Dazzling Flash           Conj/Hex       #.....       50%         3    ###....
 Searing Ray              Conj           #.....       54%         2    ##.....
 Fulminant Prism          Conj/Hex       #.........   88%         4    ####...
 Iskenderun's Mystic Bla  Conj/Tloc      #.......     95%         4    ####...


Dungeon Overview and Level Annotations

Branches:
Dungeon (8/15)             Temple (1/1) D:5           Sewer (visited)
   Lair: D:8-11

Altars:
Ashenzari
Dithmenos
Fedhas
Gozag
Hepliaklqana
Kikubaaqudgha
Makhleb
Nemelex Xobeh
Ru
Trog
Vehumet
Wu Jian
Xom
Yredelemnul
Zin
The Shining One

Shops:
D:6 (

Annotations:
D:5 2 transporters
D:8 Maurice


Message History

Your shroud bends the porcupine's attack away.
You hit the worker ant but do no damage.
The worker ant is moderately wounded.
The worker ant completely misses you. You block the porcupine's attack.
You hit the worker ant but do no damage.
The worker ant is moderately wounded.
You block the worker ant's attack. The porcupine bites you.
* * * LOW HITPOINT WARNING * * *
You are feeling very hungry.
You hit the worker ant.
The worker ant is heavily wounded.
The worker ant closely misses you. You block the porcupine's attack.
You hit the worker ant.
The worker ant is almost dead.
The worker ant misses you. The porcupine barely misses you.
You barely miss the worker ant.
The worker ant is almost dead.
Your shroud bends the worker ant's attack away.
The porcupine bites you!
You die...

...P.P# ...
....PP #.# #....
#.#######...
#..........
#.##......#
#.##.# #.# #a##.#
#.# #@##.####.#
#.r.......#
####.######
#.############
#............#
####
############.#
##### #####...#
#.#
##.#.#++#.#.#...#
#.#
#...............#
#.#


You could see a porcupine and a worker ant.

Vanquished Creatures
  Grinder (D:4)
  An orc warrior (D:7)
  2 phantoms
  2 sky beasts
  2 ogres
  5 big kobolds
  2 bullfrogs
  2 scorpions
  A howler monkey (D:4)
  2 crimson imps
  A hound (D:4)
  A quasit (D:7)
  A jelly (D:7)
  A gnoll shaman (D:3)
  Crazy Yiuf (D:2)
  A centaur skeleton (D:7)
  3 orc priests
  6 orc wizards
  A bullfrog skeleton (D:7)
  Terence (D:3)
  An iguana (D:4)
  A worker ant (D:6)
  4 gnolls
  15 adders
  A shadow imp (D:7)
  An ooze (D:5)
  3 worms
  2 dart slugs
  4 leopard geckos
  20 orcs
  9 giant cockroaches
  8 goblins
  7 hobgoblins
  14 jackals
  4 quokkas
  5 ball pythons
  8 bats
  6 frilled lizards
  A jackal zombie (D:7)
  21 kobolds
  11 rats
183 creatures vanquished.

Vanquished Creatures (others)
  2 spectral weapons (D:8)
2 creatures vanquished.

Grand Total: 185 creatures vanquished

Notes
Turn   | Place    | Note
-------+----------+-------------------------------------------
     0 | D:1      | EriolAelfwine the Merfolk Skald began the quest for the
                  | Orb.
     0 | D:1      | Reached XP level 1. HP: 16/16 MP: 3/3
    96 | D:1      | Reached XP level 2. HP: 6/22 MP: 5/5
   572 | D:1      | Reached skill level 4 in Polearms
   768 | D:1      | Reached XP level 3. HP: 27/27 MP: 6/6
   772 | D:1      | Learned a level 2 spell: Shroud of Golubria
   776 | D:1      | Learned a level 3 spell: Spectral Weapon
  1594 | D:2      | Reached skill level 1 in Translocations
  1594 | D:2      | Reached XP level 4. HP: 24/33 MP: 4/7
  1723 | D:2      | Found a runed translucent door.
  1724 | D:2      | Noticed Crazy Yiuf
  2421 | D:2      | Found an ornate altar of the Wu Jian Council.
  2907 | D:2      | Killed Crazy Yiuf
  2907 | D:2      | Reached XP level 5. HP: 38/38 MP: 2/8
  2989 | D:3      | Found a blossoming altar of Fedhas.
  3049 | D:3      | Reached skill level 5 in Polearms
  3561 | D:3      | Noticed Terence
  3577 | D:3      | Killed Terence
  3617 | D:3      | Reached skill level 1 in Hexes
  4215 | D:3      | Reached XP level 6. HP: 46/46 MP: 6/9
  4582 | D:4      | Noticed Grinder
  5527 | D:3      | Reached skill level 5 in Charms
  6076 | D:4      | Reached XP level 7. HP: 40/51 MP: 8/10
  6637 | D:4      | Paralysed by Grinder for 5 turns
  6645 | D:4      | Killed Grinder
  6645 | D:4      | Reached skill level 6 in Polearms
  6886 | D:4      | Found a burning altar of Makhleb.
  7129 | D:5      | Entered Level 5 of the Dungeon
  7277 | D:5      | Reached XP level 8. HP: 44/58 MP: 6/12
  7672 | D:5      | Found a staircase to the Ecumenical Temple.
  7690 | Temple   | Entered the Ecumenical Temple
  8118 | D:5      | Found a transporter.
  8228 | D:5      | Found a transporter.
  8242 | D:5      | Found an ancient bone altar of Kikubaaqudgha.
  8352 | D:5      | Found a sparkling altar of Nemelex Xobeh.
  8608 | D:6      | Found a glowing drain.
  8645 | Sewer    | Entered a sewer
  8776 | Sewer    | Reached skill level 5 in Dodging
  8781 | Sewer    | Reached skill level 7 in Polearms
  9127 | D:6      | Found Zoeguupt's Weapon Shoppe.
 10038 | D:7      | Reached skill level 8 in Polearms
 10038 | D:7      | Reached XP level 9. HP: 60/66 MP: 15/15
 10498 | D:8      | Noticed a two-headed ogre
 10539 | D:8      | Reached skill level 5 in Fighting
 10599 | D:8      | Reached skill level 9 in Polearms
 10949 | D:8      | Noticed Maurice
 11124 | D:8      | HP: 2/68 [porcupine (3)]
 11136 | D:8      | HP: 3/68 [porcupine (3)]
 11139 | D:8      | Slain by a porcupine

Levels and vault maps discovered:
D:1:      shiori_arrival_oz, layout_loops_ring
D:2:      layout_basic, overflow_temple_1_default, minmay_between,
          uniq_crazy_yiuf_cottage
D:3:      layout_rooms, lemuel_doored_altar, minmay_misc_feat_chi, uniq_terence
D:4:      layout_layer_cave, lemuel_round_altar, first_ration, uniq_grinder
D:5:      gammafunk_steamed_eel, layout_gridville, kiku_gazebo_garden_becter,
          minmay_temple_entry_large_hall, nemelex_xobeh_ov_fountains_minmay
D:6:      layout_gridville, portal_sewer_entry_a, serial_shops,
          nicolae_shop_trees
D:7:      layout_basic, minivault_11
D:8:      layout_loops_ring, dancing_weapons_uskayaw, marbit_many_paths,
          grunt_lair_entry_orc_guard_hut, blue_anna_alchemist
          [blue_anna_fruit_fields, blue_anna_fruit_fields],
          fedhas_bush_and_centaur_altar, uniq_maurice, uniq_maggie
Temple:   chequers_temple_sunken

Skill      XL: |  1  2  3  4  5  6  7  8  9 |
---------------+----------------------------+-----
Polearms       | 4 5 6 8 9 |  9.4
Charms         | 4 5 6 |  6.9
Translocations | 1 2 |  2.0
Dodging        | 3 4 5 6 |  6.5
Hexes          | 1 2 3 4 |  4.0
Fighting       | 3 4 5 |  5.3
Spellcasting   | 3 4 |  4.0
Armour         | |  0.6

Action                   |  1- 3 |  4- 6 |  7- 9 || total
-------------------------+-------+-------+-------++-------
Melee: Spear             |   156 |    25 |       ||   181
       Trident           |       |   276 |   488 ||   764
       Tailslap          |       |       |     5 ||     5
Throw: Dart              |       |       |     2 ||     2
 Cast: Shroud of Golubri |     4 |    24 |    25 ||    53
       Spectral Weapon   |       |     3 |    21 ||    24
  Use: Scroll            |       |     8 |     4 ||    12
 Stab: Sleeping          |     1 |     1 |     7 ||     9
       Distracted        |       |       |     2 ||     2
  Eat: Chunk             |     2 |    11 |    15 ||    28
       Ration            |       |     2 |     1 ||     3
Armor: Leather armour    |    30 |    80 |    88 ||   198
Dodge: Dodged            |    71 |   214 |   239 ||   524
Block: Buckler           |       |       |    46 ||    46

Table legend:
 A = Non-vault XP
 B = Vault XP
 C = Vault XP percentage of total XP
 D = Non-vault monster count
 E = Vault monster count
 F = Vault count percentage of total count
                 A         B        C        D         E       F
            +---------+---------+-------+---------+---------+-------
      Total |    2447 |     908 |  27.1 |     146 |      37 |  20.2
            +---------+---------+-------+---------+---------+-------
        D:1 |      47 |       3 |   6.0 |      21 |       2 |   8.7
        D:2 |      85 |      56 |  39.7 |      26 |       3 |  10.3
        D:3 |     268 |      36 |  11.8 |      25 |       1 |   3.8
        D:4 |     335 |     262 |  43.9 |      18 |       1 |   5.3
        D:5 |     401 |       0 |   0.0 |      13 |       0 |   0.0
        D:6 |     129 |      11 |   7.9 |       6 |       5 |  45.5
        D:7 |     879 |       0 |   0.0 |      27 |       0 |   0.0
        D:8 |     303 |     127 |  29.5 |      10 |       1 |   9.1
      Sewer |       0 |     413 | 100.0 |       0 |      24 | 100.0
            +---------+---------+-------+---------+---------+-------
